 Dungeon Crawl Stone Soup version 0.20-a0-1016-g241539b (webtiles) character file.

748 FastMan the Chopper (level 7, -11/39 HPs)
             Began as a Vine Stalker Berserker on Apr 16, 2017.
             Was a Priest of Trog.
             Mangled by an orc
             ... wielding a +1 hand axe of electrocution
              (16 damage)
             ... on level 4 of the Dungeon.
             The game lasted 00:02:41 (2386 turns).

FastMan the Chopper (Vine Stalker Berserker)        Turns: 2386, Time: 00:02:42

Health: -11/39     AC: 10    Str: 21    XL:     7   Next: 77%
Magic:  0/8        EV:  8    Int:  7    God:    Trog [***...]
Gold:   168        SH:  0    Dex: 14    Spells: 6/6 levels left

rFire    . . .     SeeInvis .   a - +0 hand axe
rCold    . . .     Gourm    .   (no shield)
rNeg     . . .     Faith    .   h - +0 chain mail
rPois    +         Spirit   +   (no helmet)
rElec    .         Reflect  .   (no cloak)
rCorr    .         Harm     .   g - +0 pair of gloves
MR       .....                  b - +0 pair of boots
Stlth    ..........             (no amulet)
Regen    0.6/turn               k - ring of poison resistance
MPRegen  0.2/turn               (no ring)

@: no status effects
A: fangs 2, regeneration 1, magic shield, antimagic bite, no potion heal 3, rot
immunity
a: Berserk, Trog's Hand, Burn Spellbooks, Renounce Religion


You were on level 4 of the Dungeon.
You worshipped Trog.
Trog was most pleased with you.
You were hungry.

You visited 1 branch of the dungeon, and saw 4 of its levels.

You collected 168 gold pieces.

Inventory:

Hand Weapons
 a - a +0 hand axe (weapon)
Armour
 b - a +0 pair of boots (worn)
 g - a +0 pair of gloves (worn)
 h - a +0 chain mail (worn)
Jewellery
 k - a ring of poison resistance (left hand)
 m - an uncursed ring of fire
 q - an uncursed ring of positive energy
Scrolls
 f - a scroll of teleportation {@r3}
 r - 3 scrolls of recharging {unknown}
Potions
 e - a potion of ambrosia
 i - 6 potions of curing {@q1}
 j - a potion of brilliance {@q6}
 l - a potion of haste {@q3}
 o - 4 potions of lignification
 t - a potion of degeneration {unknown}
 v - a potion of invisibility {unknown}
Comestibles
 c - 2 bread rations {@e1}
 d - 4 meat rations {@e2}
 n - 3 fruits {@e4}
 p - 2 royal jellies {@e3}


   Skills:
 + Level 5.1 Fighting
 * Level 6.8 Axes
 - Level 1.5 Armour
 - Level 1.5 Dodging


You had 6 spell levels left.
You didn't know any spells.

Dungeon Overview and Level Annotations

Branches:
Dungeon (4/15)             Temple (0/1) D:4

Altars:
Xom


Innate Abilities, Weirdness & Mutations

You have extremely sharp teeth.
Your natural rate of healing is unusually fast.
When hurt, damage is shared between your health and your magic reserves.
Your bite disrupts and absorbs the magic of your enemies.
Potions cannot restore your health.
You are immune to rotting.


Message History

You feel invigorated.
The ogre is heavily wounded.
You hit the orc.
The orc hits you with a hand axe of electrocution.
You closely miss the ogre. You bite the ogre. You drain its power.
You feel invigorated.
The ogre is heavily wounded.
You hit the orc but do no damage. The ogre barely misses you.
The orc hits you but does no damage.
You hit the ogre. You bite the ogre, but do no damage.
The ogre is severely wounded.
You hit the orc but do no damage. The ogre hits you with a giant club!
The orc hits you but does no damage.
Okay, then.
You hit the ogre.
The ogre is severely wounded.
You hit the orc. The ogre hits you with a giant club!
* * * LOW HITPOINT WARNING * * *
The orc hits you but does no damage.
You are electrocuted!
You die...

.# .# .# ####### .#
...$... .# .......
.# ......> .#
....... .#
############.......
.#
#..........@O......
.#
#.##########o......
.# #.# ....... .#
#.# ####### .# #.#
.# #.# .# #.# .#
#.# .# #.#


You could see an ogre and an orc.

Vanquished Creatures
  The ghost of MolotovDodgeball the Vandal, a novice OpAM (D:4)
  A phantom (D:3)
  An ogre (D:4)
  An orc priest (D:3)
  A bullfrog skeleton (D:4)
  Jessica (D:2)
  Natasha (thrice) (D:3)
  A worker ant (D:4)
  5 adders
  2 oozes
  3 worms
  2 leopard geckos
  10 orcs
  4 giant cockroaches
  11 goblins
  3 hobgoblins
  A quokka (D:2)
  2 ball pythons
  6 bats
  3 frilled lizards
  4 kobolds
  A leopard gecko skeleton (D:4)
  8 rats
75 creatures vanquished.

Notes
Turn   | Place    | Note
-------+----------+-------------------------------------------
     0 | D:1      | FastMan the Vine Stalker Berserker began the quest for the Orb.
     0 | D:1      | Reached XP level 1. HP: 11/11 MP: 2/2
   125 | D:1      | Reached skill level 3 in Axes
   134 | D:1      | Found a shimmering altar of Xom.
   268 | D:1      | Reached XP level 2. HP: 13/16 MP: 3/3
   457 | D:2      | Noticed Jessica
   463 | D:2      | Killed Jessica
   463 | D:2      | Reached XP level 3. HP: 17/20 MP: 2/4
   795 | D:2      | Reached ** piety under Trog
   827 | D:2      | Gained mutation: Your natural rate of healing is unusually fast. [Vine Stalker growth]
   827 | D:2      | Reached XP level 4. HP: 19/24 MP: 5/5
  1028 | D:2      | Reached skill level 4 in Axes
  1237 | D:3      | Noticed a phantom
  1270 | D:3      | Killed a phantom
  1270 | D:3      | Reached XP level 5. HP: 20/29 MP: 4/6
  1388 | D:3      | Reached skill level 5 in Axes
  1459 | D:3      | Reached XP level 6. HP: 33/33 MP: 7/7
  1526 | D:3      | Noticed Natasha
  1539 | D:3      | Killed Natasha
  1582 | D:3      | Noticed Natasha
  1587 | D:3      | Killed Natasha
  1633 | D:3      | Noticed Natasha
  1640 | D:3      | Killed Natasha
  1673 | D:4      | Noticed MolotovDodgeball's ghost (novice OpAM)
  1681 | D:4      | Reached *** piety under Trog
  1683 | D:4      | Killed MolotovDodgeball's ghost
  1683 | D:4      | Reached skill level 6 in Axes
  1683 | D:4      | Reached XP level 7. HP: 38/38 MP: 8/8
  1796 | D:4      | Found a glowing drain.
  1828 | D:4      | Found a staircase to the Ecumenical Temple.
  1887 | D:4      | Reached skill level 5 in Fighting
  2386 | D:4      | Mangled by an orc

Vault maps used:
D:1:      evilmike_arrival_run_for_it, xom_teletrap_fun
D:2:      uniq_jessica
D:3:      nemelex_dance_club_becter, uniq_natasha
D:4:      temple_green, portal_sewer_entry_b, grunt_qazlal_sundering

Skill      XL: |  1  2  3  4  5  6  7 |
---------------+----------------------+-----
Axes           | 3 4 5 6 |  6.8
Fighting       | 3 4 5 |  5.1
Armour         | |  1.5
Dodging        | |  1.5

Action                   |  1- 3 |  4- 6 |  7- 9 || total
-------------------------+-------+-------+-------++-------
Melee: Hand axe          |    55 |   114 |    55 ||   224
       Bite              |    17 |    30 |    19 ||    66
Invok: Berserk           |     2 |     5 |     1 ||     8
       Burn Spellbooks   |       |       |     2 ||     2
  Use: Scroll            |     5 |     3 |     3 ||    11
  Eat: Chunk             |     2 |     7 |     3 ||    12
Armor: Animal skin       |     3 |       |       ||     3
       Chain mail        |    31 |    68 |    25 ||   124
Dodge: Dodged            |    22 |    53 |    16 ||    91
